 Zot Defence DCSS version 0.15.2 (webtiles) character file.

1062 blackwizard the Stinger (level 8, -2/60 HPs)
             Began as a Formicid Venom Mage on May 28, 2017.
             Slain by Axzu the orange rat (9 damage)
             ... in the Realm of Zot (Scenario II: Battle Heart).
             The game lasted 00:09:22 (1402 turns).

blackwizard the Stinger (Formicid Venom Mage)       Turns: 1402, Time: 00:09:22

HP  -2/60        AC  2     Str 14      XL: 8   Next: 52%
MP   2/17        EV 13     Int 16      God:
Gold 0           SH  0     Dex 11      Spells:  2 memorised,  8 levels left

rFire  . . .     SeeInvis +     f - +0 dagger
rCold  . . .     Clarity  .     a - +0 robe
rNeg   . . .     rCorr    .     (no shield)
rPois  .         rRot     .     (helmet unavailable)
rElec  .         Spirit   .     (no cloak)
SustAb .         Warding  .     (no gloves)
rMut   .         Stasis   +     (no boots)
Gourm  .                        (no amulet)
MR     .....                    (no ring)
                                (no ring)

@: drained, not resistant to hostile enchantments, unstealthy
A: permanent stasis, dig shafts and tunnels, four strong arms, antennae 3
a: Make oklob sapling, Make arrow trap, Make plant, Remove Curse, Make burning
bush, Make altar, Make grenades, Make oklob plant, Make net trap, Dig


You were in the Realm of Zot.
You were not hungry.

You visited 1 branch

Inventory:

Hand weapons
 f - a +0 dagger (weapon)
 i - a +0 blowgun
Missiles
 h - 3 stones (quivered)
 j - 8 poisoned needles
Armour
 a - a +0 robe (worn)
Comestibles
 d - a bread ration
Potions
 c - 3 potions of curing
 e - a potion of heal wounds
 g - 2 potions of magic
Books
 b - a Young Poisoner's Handbook

   Spells                             Type                      Level
   *Sting                             Conjuration/Poison           1
   Cure Poison                        Poison                       2
   *Mephitic Cloud                    Conjuration/Poison/Air       3
   Olgreb's Toxic Radiance            Poison                       4
   Venom Bolt                         Conjuration/Poison           5


   Skills:
 + Level 3.9(3.7) Fighting
 + Level 2.8(2.6) Short Blades
 + Level 4.5(4.3) Dodging
 - Level 2.4(2.2) Stealth
 + Level 4.5(4.3) Unarmed Combat
 + Level 2.8(2.6) Spellcasting
 + Level 1.8(1.6) Conjurations
 + Level 0.8(0.6) Air Magic
 + Level 6.3(6.1) Poison Magic


You had 8 spell levels left.
You knew the following spells:

 Your Spells              Type           Power        Failure   Level  Hunger
a - Sting                 Conj/Pois      ##..         4%          1    #......
b - Mephitic Cloud        Conj/Pois/Air  ##......     21%         3    ###....


Dungeon Overview and Level Annotations

Branches:
    Zot (1/1)

Altars:

Annotations:
Zot Prince Ribbit


Innate Abilities, Weirdness & Mutations

Your are under a permanent stasis effect.
You can dig through walls and to a lower floor.
Your four strong arms can wield two-handed weapons with a shield.
You have a pair of large antennae on your head (SInv).


Message History

Ucoffan blinks!
A rat comes into view.
You hit Axzu but do no damage.
Axzu is almost dead.
The orc wizard glows brightly for a moment.
The ooze jiggles.
You hit Axzu but do no damage.
Axzu is almost dead.
Axzu closely misses you.
You barely miss Axzu.
Axzu is almost dead.
The orc wizard is no longer moving quickly.
You feel a sense of great excitement!
You hit Axzu but do no damage.
Axzu is almost dead.
Tohys blinks!
You hit Axzu.
Axzu is almost dead.
Axzu bites you!
You die...

......§......#...................
.........r......###..............
........go...{{## ##...........##
.......ggJg{{{{# #####......##
......shgJg{{{{# ########
......rgrwo{{{{# .....#rrlrwr{{##
....###rbrrrr########## ..###
###boJJr)r@.....####### ###
#######W...W........#
#########▓▓...▓▓ ▓▓.....▓▓
▓▓▓.......▓▓ ▓▓▓..........▓▓
▓▓▓..............
####▓▓................ ▓▓▓▓▓
▓▓▓▓▓▓▓▓▓▓.................


You could see Tohys the phantom, Ucoffan the phantom, 2 orange rats, Axzu the
orange rat (confused), 2 oozes, an orc wizard, 2 green rats, a quokka, 2 bats
and a rat.

Vanquished Creatures
  A crocodile (Zot)
  5 hounds (Zot)
  4 iguanas (Zot)
  4 orange rats (Zot)
  A gnoll (Zot)
  3 green rats (Zot)
  3 adders (Zot)
  3 worms (Zot)
  A giant mite (Zot)
  4 oozes (Zot)
  2 ball pythons (Zot)
  4 bats (Zot)
  5 giant cockroaches (Zot)
  6 goblins (Zot)
  4 hobgoblins (Zot)
  A jackal (Zot)
  4 kobolds (Zot)
  7 quokkas (Zot)
  A giant newt (Zot)
  8 rats (Zot)
71 creatures vanquished.

Notes
Turn   | Place    | Note
--------------------------------------------------------------
     0 | Zot      | blackwizard, the Formicid Venom Mage, began the quest for the Orb.
     0 | Zot      | Reached XP level 1. HP: 13/13 MP: 3/3
   213 | Zot      | Reached XP level 2. HP: 14/19 MP: 5/5
   234 | Zot      | Noticed Ofuraum
   284 | Zot      | Reached XP level 3. HP: 7/24 MP: 7/7
   294 | Zot      | Reached skill level 1 in Unarmed Combat
   306 | Zot      | Learned a level 3 spell: Mephitic Cloud
   330 | Zot      | Noticed Tohys
   431 | Zot      | Noticed Ucoffan
   436 | Zot      | Reached skill level 6 in Poison Magic
   493 | Zot      | Reached XP level 4. HP: 14/31 MP: 4/8
   519 | Zot      | Reached skill level 1 in Fighting
   519 | Zot      | Reached XP level 5. HP: 18/37 MP: 9/11
   527 | Zot      | Noticed Prince Ribbit
   604 | Zot      | Reached XP level 6. HP: 32/44 MP: 13/13
   738 | Zot      | Reached skill level 1 in Conjurations
   738 | Zot      | Reached XP level 7. HP: 36/51 MP: 14/14
  1133 | Zot      | Reached XP level 8. HP: 53/58 MP: 17/17
  1328 | Zot      | HP: 1/60 [Ucoffan the phantom (7)]
  1379 | Zot      | HP: 2/60 [Axzu the orange rat (2)]
  1402 | Zot      | Slain by Axzu the orange rat

Action                   |  1- 3 |  4- 6 |  7- 9 || total
-------------------------+-------+-------+-------++-------
Melee: Unarmed           |   190 |   141 |       ||   331
       Dagger            |       |    98 |   593 ||   691
 Cast: Mephitic Cloud    |     4 |       |    13 ||    17
 Stab: Confused          |     2 |       |     3 ||     5
